[Event "3rd President Cup-A 2024"]
[Site "Tashkent"]
[Date "2024.11.28"]
[Round "8.10"]
[White "Gareyev, Timur"]
[Black "Jubin Jimmy"]
[Result "1/2-1/2"]
[ECO "A06"]
[WhiteElo "2552"]
[BlackElo "2453"]
[Annotator "TA"]
[PlyCount "137"]
[EventDate "2024.11.22"]
[EventType "swiss"]
[EventCountry "UZB"]
[SourceTitle "playchess.com"]
[Source "ChessBase"]
[SourceQuality "1"]
[TimeControl "5400+30"]

1. Nf3 Nf6 2. b3 d5 3. Bb2 c6 4. d3 Bg4 5. Nbd2 Nbd7 6. h3 Bxf3 7. Nxf3 e6 8. a3 Bd6 9. e3 e5 10. c4 O-O 11. Be2 Re8 12. Qc2 a5 13. d4 e4 14. Nd2 h6 15. c5 Be7 16. b4 axb4 17. axb4 Rxa1+ 18. Bxa1 Qc7 19. O-O b5 20. Bc3 Ra8 21. Nb3 Ne8 22. Na5 Bd8 23. f3 Ndf6 24. f4 g6 25. g4 Qd7 26. Kg2 Ng7 27. Qd1 Bc7 28. Be1 Nfe8 29. Qd2 Bb8 30. Bh4 Qc7 31. Qe1 f5 32. Kh2 Kh7 33. Rg1 Ra6 34. Kh1 Qd7 35. Qf1 Ra7 36. Qg2 Qe6 37. Bd8 (37. g5 {is more complex.} h5 38. Bd1 Qd7 39. Be1) 37... Rd7 (37... Bc7 $11 38. Bxc7 Rxc7 (38... Nxc7 39. Qf2 $11)) 38. Bh4 (38. Bb6 $14) 38... Bc7 $2 (38... Ra7 $11 {and Black has nothing to worry.}) 39. Nb3 $2 ({White must play} 39. Nxc6 $1 $18 Qxc6 40. gxf5 gxf5 (40... Nxf5 $2 {too greedy.} 41. Bxb5 Nxh4 42. Bxc6 $18) 41. Qf1) 39... Rf7 40. g5 h5 41. Ra1 Qc8 42. Qg1 Bb8 43. Ra5 Nc7 44. Be1 Nce6 45. Bd2 Nd8 46. h4 Re7 47. Qa1 Nge6 48. Qd1 Kg7 49. Ra8 (49. Ra2 {simplifies} Ra7 50. Rxa7+ Bxa7 51. Bc3) 49... Ra7 50. Rxa7+ Bxa7 51. Qa1 Bb8 52. Na5 Qa6 53. Qf1 Nc7 54. Qd1 Nce6 {[%emt 0:00:08] [#]} 55. Bxh5 (55. Kg1 $1 $11) 55... gxh5 $17 56. Qxh5 Nf7 57. Qe2 Qc8 (57... Bc7 $15) 58. h5 $2 (58. Qh2 $1 $11 {and White is okay.}) 58... Qd7 $2 (58... Nfxg5 $19 {[%cal Og7h6] White must now prevent ...Kh6!} 59. fxg5 Nxg5) 59. Qg2 {[%emt 0:00:40] [#]} (59. Kg1 $1 $11) 59... Bc7 (59... Qe8 $1 $17 {[%cal Of7g5] ...Nfxg5! would now be deadly.} 60. Qh3 Nfxg5 61. fxg5 Nxg5 62. h6+ Kg6) 60. Be1 (60. Kg1 $1 $11) 60... Qe8 ({Black should play} 60... Bxa5 $15 61. bxa5 Nc7) 61. Qh3 $11 Nfxg5 62. fxg5 Nxg5 63. Qxf5 Qxh5+ 64. Kg2 Qh2+ 65. Kf1 Qh1+ 66. Ke2 Qh5+ 67. Kf1 Qh1+ 68. Ke2 Qh5+ 69. Kf1 1/2-1/2

[Event "3rd President Cup-A 2024"]
[Site "Tashkent"]
[Date "2024.11.28"]
[Round "8.11"]
[White "Mamedov, Edgar"]
[Black "Bernadskiy, Vitaliy"]
[Result "1/2-1/2"]
[ECO "E94"]
[WhiteElo "2448"]
[BlackElo "2543"]
[Annotator "TA"]
[PlyCount "75"]
[EventDate "2024.11.22"]
[EventType "swiss"]
[EventCountry "UZB"]
[SourceTitle "playchess.com"]
[Source "ChessBase"]
[SourceQuality "1"]
[TimeControl "5400+30"]

1. d4 Nf6 2. c4 g6 3. Nc3 Bg7 4. e4 d6 5. Nf3 O-O 6. Be2 Na6 7. O-O e5 8. Be3 c6 9. Qc2 exd4 10. Nxd4 Re8 11. Rad1 Qe7 {[%emt 0:00:07][%cal Rf6e4] White has an edge.} 12. f3 d5 13. cxd5 {[%emt 0:07:23] [#] aiming for Bxa6.} Nxd5 14. Nxd5 cxd5 15. Bxa6 bxa6 16. Nc6 Qb7 17. Rxd5 {[%emt 0:04:10] Nd8 would now be deadly. Black is weak on the dark squares} Be6 $1 18. Rc5 Bxa2 19. Bd4 $36 {[%emt 0:09:29][%mdl 2048] White has good play.} Bxd4+ 20. Nxd4 Be6 21. Rc1 Qb6 22. Qc3 Rad8 23. b4 Rd6 24. h4 Red8 25. Nxe6 (25. Rd1 {simplifies} Rb8 26. Kf2 Qxb4 27. Qxb4 Rxb4 28. Nxe6 Rxe6 29. Rc7) 25... Rxe6 {[%emt 0:00:10] [#]} 26. h5 gxh5 $11 {[%emt 0:00:26] The position is equal.} 27. Kh1 Rg6 28. Rf1 {[%emt 0:01:13][%mdl 1024] White has compensation.} h4 29. Rh5 Qd4 30. Qc7 Rdd6 31. Qe7 Qb2 32. Rg1 Rd1 33. Qe8+ Kg7 34. Rxh7+ Kxh7 35. Qxf7+ Kh6 36. Qf8+ Kh7 37. Qf7+ Kh6 38. Qf8+ {[%emt 0:00:04] Weighted Error Value: White=0.06 (flawless) /Black=0.03 (flawless) .  Mistake:       	White=1     	---        Inaccurate:     	---       	Black=1      OK:         	White=10    	Black=11     Best:        	White=6     	Black=1      Strong:       	---       	Black=1} 1/2-1/2

[Event "3rd President Cup-A 2024"]
[Site "Tashkent"]
[Date "2024.11.28"]
[Round "8.12"]
[White "Khubukshanov, Erdem"]
[Black "Raja Rithvik R"]
[Result "1/2-1/2"]
[ECO "A07"]
[WhiteElo "2443"]
[BlackElo "2528"]
[Annotator "TA"]
[PlyCount "92"]
[EventDate "2024.11.22"]
[EventType "swiss"]
[EventCountry "UZB"]
[SourceTitle "playchess.com"]
[Source "ChessBase"]
[SourceQuality "1"]
[TimeControl "5400+30"]

1. Nf3 d5 2. g3 c6 3. Bg2 Bf5 4. O-O e6 5. d3 h6 6. c4 {[%emt 0:03:54] A07: Réti Opening: New York and Capablanca Systems.} dxc4 7. dxc4 Nd7 8. Nc3 Ngf6 9. Bf4 Be7 10. Qd2 Nc5 11. Nd4 $146 ({Predecessor:} 11. Rfd1 O-O 12. Ne5 Qxd2 13. Rxd2 Rfd8 14. Rad1 Rxd2 15. Rxd2 a5 16. f3 Rd8 17. Rxd8+ Bxd8 {½-½ Jakovenko,D (2713)-Grachev,B (2683) Wch Blitz 7th 2013 (18)}) 11... Nce4 12. Nxe4 Bxe4 13. Rfd1 Bxg2 14. Kxg2 O-O 15. Qc2 Qb6 16. Rd3 Rfd8 17. Rad1 a5 18. h3 a4 19. Be3 Qa5 20. Nf3 Rxd3 21. Rxd3 Bc5 22. Bd2 Qb6 23. e3 Bb4 24. Ne5 Qc5 (24... Bxd2 $5 25. Qxd2 c5 $16) 25. Bxb4 Qxb4 26. Rd4 Qc5 27. Nd3 (27. Qc3 $5) 27... Qa5 28. c5 a3 $1 29. b3 Nd5 30. Rc4 Rd8 31. Qc1 Nc7 32. Nb4 Nb5 33. h4 Qc7 34. Nc2 Qa5 35. Nd4 e5 36. Nf3 Qc7 37. h5 Qe7 38. Qc2 Qe6 39. g4 f6 (39... Nd4 $5 40. Qe4 $8 Nxf3 41. Kxf3 Rd2 $11) 40. Kg3 Qd5 41. Qf5 Qd7 42. Qg6 Qd3 43. Nh4 Qd1 (43... Qf1 $11) 44. Nf5 ({Better is} 44. Kg2 $14 Rd2 45. g5 (45. Nf5 Rxf2+ 46. Kxf2 Qd2+ 47. Kf3 Qd1+ 48. Kf2 Qd2+ 49. Kf3 Qd1+ 50. Kf2 $11) 45... fxg5 (45... Rxa2 46. Qe8+ Kh7 47. g6#) (45... hxg5 $2 {loses.} 46. h6 $18) 46. Qe6+ (46. Nf5 Rxf2+ 47. Kxf2 Qd2+ 48. Kf1 Qd1+ 49. Kf2 Qd2+ 50. Kg1 Qe1+ 51. Kg2 Qe2+ 52. Kh3 Qf1+ 53. Kg4 Qd1+ 54. Kh3 Qf1+ 55. Kh2 Qe2+ 56. Kg3 Qe1+ 57. Kg2 Qe2+ 58. Kg3 Qe1+ 59. Kg2 $11) 46... Kh7 (46... Kh8 $2 47. Ng6+ Kh7 48. Nf8+ Kh8 49. Qf5 $18) 47. Qf5+ (47. Qg6+ Kh8 $11) 47... Kg8 48. Ng6) 44... Qg1+ $11 45. Kh3 (45. Kf3 $5 Qh1+ $8 46. Kg3 Qg1+ 47. Kf3 Qh1+ 48. Kg3 Qg1+ $11) 45... Qh1+ 46. Kg3 Qg1+ 1/2-1/2

[Event "3rd President Cup-A 2024"]
[Site "Tashkent"]
[Date "2024.11.28"]
[Round "8.13"]
[White "Nitish Belurkar"]
[Black "Madaminov, Mukhiddin"]
[Result "1-0"]
[ECO "B51"]
[WhiteElo "2434"]
[BlackElo "2501"]
[Annotator "TA"]
[PlyCount "63"]
[EventDate "2024.11.22"]
[EventType "swiss"]
[EventCountry "UZB"]
[SourceTitle "playchess.com"]
[Source "ChessBase"]
[SourceQuality "1"]
[TimeControl "5400+30"]

1. e4 c5 2. Nf3 d6 3. Bb5+ Nd7 4. O-O a6 5. Bd3 Ngf6 6. c3 b5 7. a4 Bb7 8. axb5 {[%emt 0:00:56] The position is equal.} axb5 9. Rxa8 Qxa8 10. Bxb5 Bxe4 11. d4 Bxb1 12. dxc5 Be4 {[%emt 0:00:07] Threatens to win with ...Bc6.} (12... dxc5 13. Ne5 Bf5 14. Bg5 $18) 13. Re1 $1 e6 (13... dxc5 $2 14. Ne5 Qb7 (14... Qd5 $2 15. Nxd7 Nxd7 16. Qa4 $18) 15. Qa4 $18) 14. Rxe4 Nxe4 (14... Qxe4 $5 15. c6 $8 Nb6 16. c7+ Ke7 $11) 15. c6 Nb6 {[%emt 0:02:33] [#] aiming for ...Be7.} 16. Qd4 Nc5 {[%emt 0:09:52] Strongly threatening ...f6.} (16... Qa5 17. c4 Nc5 18. b4 Qxb4 19. c7+ Ke7 20. Qa1) 17. b4 Qa1 {[%emt 0:13:50] White leaves nothing to chance now.} (17... Nca4 $11 {remains equal.}) 18. bxc5 $40 {[%emt 0:24:53][%mdl 128] White wants to mate with c7+. White has strong attack.} Qxc1+ 19. Bf1 {[%emt 0:00:19] White is more active.} Nd5 {[%emt 0:07:01] [#]} (19... dxc5 $16 {is tougher.} 20. Qe5 f6 21. Qb8+ (21. Qxe6+ $2 Kd8 $19) 21... Kf7) 20. c7 $1 $18 Nxc7 {[%emt 0:27:23] ...Qa3 would now be deadly.} 21. cxd6 Nb5 22. d7+ (22. Qa4 Bxd6 23. Qxb5+ (23. Qa8+ $2 Ke7 $19) 23... Ke7 24. Qb7+ Kf6 $19) 22... Kd8 23. Qb6+ Kxd7 24. Qxb5+ Ke7 25. Qc5+ Ke8 26. Qb5+ Ke7 27. Qb4+ Ke8 28. Qa4+ Ke7 29. Qa7+ Kf6 30. Qd4+ {[%emt 0:00:15] White mates.} Ke7 31. Ne5 f5 32. f4 {[%emt 0:00:09] Weighted Error Value: White=0.36/Black=0.78.  Loses game:     	---       	Black=1      Mistake:       	---       	Black=1      Inaccurate:     	---       	Black=1      OK:         	White=5     	Black=6      Best:        	White=6     	Black=3      Strong:       	White=1     	---        Brilliant:      	White=1     	---} (32. Nc6+ $142 Kf7 33. Qd7+ Kf6 34. Nd8 Kg5 35. Qxe6 (35. Nf7+ Kf6 $18) 35... Qb1 36. Nf7+ Kh5 37. Nxh8) 1-0

[Event "3rd President Cup-A 2024"]
[Site "Tashkent"]
[Date "2024.11.28"]
[Round "8.14"]
[White "Soham Kamotra"]
[Black "Nikitenko, Mihail"]
[Result "1/2-1/2"]
[ECO "D37"]
[WhiteElo "2420"]
[BlackElo "2490"]
[Annotator "TA"]
[PlyCount "109"]
[EventDate "2024.11.22"]
[EventType "swiss"]
[EventCountry "UZB"]
[SourceTitle "playchess.com"]
[Source "ChessBase"]
[SourceQuality "1"]
[TimeControl "5400+30"]

1. d4 d5 2. c4 e6 3. Nc3 a6 4. cxd5 exd5 5. Nf3 Nf6 6. Bg5 Be6 7. Bxf6 Qxf6 8. Qb3 {[%emt 0:00:07] The position is equal.} Ra7 9. h4 Bd6 10. e3 (10. Nxd5 Qf5 11. Ne5 (11. Ne3 $2 Qa5+ 12. Qc3 Bb4 $19) 11... Nd7 $17) 10... h6 {[%emt 0:01:16] Repels Ng5} 11. Bd3 Nd7 (11... c6 $2 12. Qb6 $18) 12. Qc2 Qe7 13. O-O-O c6 14. Kb1 b5 (14... Nf6 $11) 15. e4 $14 Nb6 (15... Rc7 $11) 16. Nxd5 cxd5 17. Qc6+ Rd7 $1 (17... Nd7 $6 18. exd5 O-O (18... Bg4 $2 19. Rde1 $18) 19. dxe6 fxe6 20. Rhe1 $16) 18. Qxb6 dxe4 19. Bxe4 {[%emt 0:00:21][%cal Oe4c6] Strongly threatening Bc6!} O-O $1 20. d5 Bc5 (20... Bg4 $11 21. Rhe1 Qf6) 21. Qc6 $1 Bg4 22. Rhe1 (22. Rde1 $1 $14) 22... Qd6 $15 23. Qxd6 Rxd6 24. Rf1 Re8 {[%emt 0:03:03][%mdl 1024] Black has compensation.} 25. Bc2 Kf8 26. Rd2 Bb6 27. a3 Bd8 28. Nh2 Be2 29. Re1 Bc4 30. Rxe8+ Kxe8 31. Be4 Bxh4 32. Kc2 {[%emt 0:00:00] [#]} b4 33. axb4 Be7 34. Ng4 Rb6 35. Ne5 Rxb4 (35... Bf1 $11 {feels stronger.}) 36. d6 $1 $14 Bb5 (36... Bb3+ $2 37. Kc3 Bxd6 (37... Rxe4 $2 38. d7+ Kf8 39. d8=Q+ Bxd8 40. Rxd8+ Ke7 41. Nc6+ Kf6 42. Kxb3 $18) 38. Rxd6 $18) 37. f3 Bd8 38. b3 {[%emt 0:00:00] Nc6 would now be deadly.} f6 $2 (38... Kf8 $14) 39. Nc6 $2 (39. Bg6+ $18 Kf8 40. Nf7) 39... Bxc6 $1 40. Bxc6+ {[%emt 0:00:01][%mdl 4096] Endgame. KRB-KRB} Kf7 41. Re2 $1 {[%emt 0:00:23] Be8+ would kill now. White is more active.} f5 $1 42. Bd5+ Kg6 $1 43. Re6+ Kg5 44. Re8 Rd4 45. Rxd8 Rxd5 {[%emt 0:00:04] KR-KR} 46. Kc3 Kf6 (46... h5 $16 {was necessary.}) 47. Kc4 $18 Rd2 (47... Ke6 48. Re8+ Kd7 49. Kxd5 $18) 48. Kc5 $1 Rxg2 $2 (48... g5 $16 {is more resistant.}) 49. Re8 $1 {[%emt 0:00:12] aiming for d7.} (49. Rf8+ Ke6 $14) 49... Rd2 $2 (49... Rc2+ {might work better.} 50. Kb6 Rd2) 50. Kc6 {[%emt 0:00:08] Threatens to win with d7.} Rc2+ 51. Kb7 {[%emt 0:00:10][%cal Od6d7] Hoping for d7!} Rd2 52. Kc7 {[%emt 0:00:05] And now d7 would win.} (52. Kxa6 Rxd6+ 53. Ka5 Rd3 54. Rf8+ Kg5 $19) 52... Rc2+ {[%emt 0:00:03] [#]} 53. Kb7 $2 (53. Kd8 $1 $18 {and the rest is easy.}) 53... Rd2 $1 $16 54. Kc7 {[%emt 0:00:03] d7 is the strong threat.} (54. Kxa6 Rxd6+ 55. Ka7 Rd3 $19) 54... Rc2+ {[%emt 0:00:07] [#]} 55. Kb7 {[%emt 0:04:55] Weighted Error Value: White=0.21 (precise) /Black=0.32.  Loses game:     	---       	Black=2      Missed win:     	White=2     	---        Mistake:       	White=2     	Black=7      Inaccurate:     	White=1     	Black=2      OK:         	White=21    	Black=10     Best:        	White=5     	Black=8      Strong:       	White=5     	Black=6} (55. Kd8 $1 $16 Rc3 56. d7 Rxb3 57. Kc7) 1/2-1/2

[Event "3rd President Cup-A 2024"]
[Site "Tashkent"]
[Date "2024.11.28"]
[Round "8.15"]
[White "Audi Ameya"]
[Black "Ayush Sharma"]
[Result "0-1"]
[ECO "C18"]
[WhiteElo "2412"]
[BlackElo "2464"]
[Annotator "TA"]
[PlyCount "130"]
[EventDate "2024.11.22"]
[EventType "swiss"]
[EventCountry "UZB"]
[SourceTitle "playchess.com"]
[Source "ChessBase"]
[SourceQuality "1"]
[TimeControl "5400+30"]

1. e4 e6 2. d4 d5 3. Nc3 Bb4 4. e5 c5 5. a3 Bxc3+ 6. bxc3 Qa5 7. Bd2 Qa4 8. h4 Nc6 9. h5 b6 10. Qg4 Kf8 11. Qf4 Qxc2 12. Rh3 Qe4+ 13. Qxe4 dxe4 14. Ne2 Ba6 15. Be3 Nge7 16. h6 Nf5 (16... Bxe2 17. hxg7+ Kxg7 18. Bxe2 Rhc8) 17. hxg7+ Kxg7 18. Ng3 Bxf1 (18... cxd4 $2 19. Nxf5+ exf5 20. Bh6+ (20. Bxd4 Bxf1 21. Kxf1 h6 $15) 20... Kg6 21. Bxa6 Nxe5 22. cxd4 $18) 19. Nxf5+ exf5 20. Bh6+ Kg6 21. Kxf1 f4 {[%emt 0:10:45] [#]} (21... cxd4 22. Rg3+ Kxh6 23. Ke2 d3+ 24. Kd2 e3+ 25. fxe3 Nxe5 26. Rh1#) (21... Ne7 $14) 22. Bxf4 (22. Re1 $1 $18 ) 22... h5 $1 $14 23. Be3 (23. dxc5 $1 $14 Kf5 24. Be3) 23... cxd4 $11 24. cxd4 Rad8 25. Rh4 Nxd4 26. Rxe4 Nc2 27. Rc1 Rc8 28. Rd1 Kf5 (28... Rhd8 {simplifies} 29. Rxd8 Rxd8 30. a4 Nxe3+ 31. Rxe3 Rd4) 29. f3 (29. Rf4+ $11 Kxe5 30. Rd7 (30. Rxf7 Nxe3+ 31. fxe3 Rhf8 $11)) 29... Rc4 $15 30. Rd7 (30. Rxc4 $2 Nxe3+ 31. Ke2 Nxc4 $19) (30. Bxb6 $2 axb6 (30... Rxe4 31. fxe4+ Kxe4 32. Bxa7 $11) 31. Re2 (31. Rxc4 $2 Ne3+ 32. Kf2 Nxc4 $19) 31... Re8 $19 (31... Nxa3 $2 32. Rd6 $19)) (30. Bf2 $15 Rxe4 (30... Nxa3 31. Ra1 $14) 31. fxe4+ Kxe5 (31... Kxe4 32. a4 $11) 32. Rd7) 30... Rxe4 $19 31. fxe4+ Ke6 $1 (31... Kxe5 32. Bf2 $11) 32. Rd3 Nxe3+ (32... Kxe5 33. Bf2 $15) 33. Rxe3 Rc8 34. Rh3 Rc2 35. Rxh5 Rc3 (35... Rc4 $17 36. Rh8 Rxe4 37. Re8+ Kd7) 36. a4 $15 Ra3 37. Ke2 Rxa4 38. Kd3 (38. Ke3 $1 $15) 38... Ra5 $17 39. Kd4 f6 40. Rh6 (40. Rh7 $17) 40... Ra4+ $19 ({Much less strong is} 40... Rxe5 41. Rh8) 41. Ke3 Kxe5 42. Rh5+ Ke6 43. Rh7 $2 (43. g4) 43... a5 $19 44. g4 Rb4 45. Rh6 $2 (45. Ra7 {was the crucial defense.}) 45... Rb5 $19 46. Kd4 (46. Kd2 $142) 46... a4 $19 47. Kc4 Ra5 48. g5 Rxg5 49. Kb4 Rg4 50. Kxa4 Rxe4+ 51. Kb5 Ke5 52. Kxb6 Rc4 53. Rh1 f5 54. Kb5 Rc8 55. Re1+ Kd4 56. Rf1 Ke4 57. Re1+ Kd3 58. Rf1 Rf8 59. Rf3+ Ke4 60. Rf1 f4 61. Kc4 Rc8+ 62. Kb3 f3 63. Re1+ Kd3 64. Rd1+ Ke2 65. Rd7 Re8 0-1

[Event "3rd President Cup-A 2024"]
[Site "Tashkent"]
[Date "2024.11.28"]
[Round "8.18"]
[White "Usov, Aleksandr E."]
[Black "Goganov, Aleksey"]
[Result "0-1"]
[ECO "E48"]
[WhiteElo "2314"]
[BlackElo "2465"]
[Annotator "TA"]
[PlyCount "64"]
[EventDate "2024.11.22"]
[EventType "swiss"]
[EventCountry "UZB"]
[SourceTitle "playchess.com"]
[Source "ChessBase"]
[SourceQuality "1"]
[TimeControl "5400+30"]

1. d4 Nf6 2. c4 e6 3. Nc3 Bb4 4. e3 O-O 5. Bd3 d5 6. cxd5 exd5 7. a3 Bd6 8. Qc2 Na6 9. Nge2 c5 10. b3 b6 11. O-O Nc7 12. Bb2 Re8 13. Rfd1 $2 (13. Rfe1 $11) 13... Bb7 $2 ({Black should try} 13... Bxh2+ $1 $19 14. Kxh2 Ng4+ 15. Kg1 Qh4) 14. Ng3 g6 15. Nb5 Nxb5 16. Bxb5 Re6 17. Be2 h5 18. Bf3 Rc8 19. dxc5 bxc5 20. Ne2 (20. Rac1 $14) 20... Qc7 $15 21. h3 {[%emt 0:06:35] [#]} d4 $1 22. Bxb7 Qxb7 23. exd4 (23. Rd3 $142) 23... Rce8 $1 $17 (23... cxd4 24. Qd3 $14) 24. Re1 {[%emt 0:00:04] [#]} Nd5 $1 $36 {[%emt 0:12:24][%mdl 2048] Black is really pushing.} 25. Kf1 {[%emt 0:13:30] [#]} (25. dxc5 Nf4 26. c6 Qb8 $19 (26... Nxe2+ 27. Rxe2 Rxe2 28. Qxe2 $11)) 25... Rf6 $1 {[%emt 0:02:41] ( -> ...Ne3+) Black is much more active.} 26. Nc3 (26. dxc5 $2 Ne3+ 27. Kg1 Qxg2#) (26. Kg1 $2 Bh2+ 27. Kxh2 Rxf2 $19) 26... Ne3+ 27. Rxe3 Rxe3 28. dxc5 ({Better is} 28. Kg1 Bb8 29. Qd2 (29. fxe3 $2 Qc7 $19)) 28... Bxc5 {[%emt 0:11:10][%cal Oe3h3] White must now prevent ...Rxh3!.} 29. Nd1 $2 (29. Ne4 $17 {only move.} Qxe4 (29... Rxe4 30. Qxc5 Rfe6 31. Qc3 $17) 30. Qxe4 Rxf2+ 31. Kxf2 Rxe4+ 32. Kg3) 29... Qa6+ $19 (29... Qxb3 $2 30. Qxb3 $18 (30. Qxc5 Rd3 $11)) 30. Qc4 Rxb3 31. Rc1 Qxc4+ ({Inferior is} 31... Bxa3 32. Bxf6 Qxf6 33. Qxb3 $11) 32. Rxc4 {[%emt 0:00:09] [#]} Rxb2 $1 0-1

[Event "3rd President Cup-A 2024"]
[Site "Tashkent"]
[Date "2024.11.28"]
[Round "8.19"]
[White "Suyarov, Mukhammadzokhid"]
[Black "Bakhrillaev, Bakhrom"]
[Result "1-0"]
[ECO "A01"]
[WhiteElo "2464"]
[BlackElo "2369"]
[Annotator "TA"]
[PlyCount "81"]
[EventDate "2024.11.22"]
[EventType "swiss"]
[EventCountry "UZB"]
[SourceTitle "playchess.com"]
[Source "ChessBase"]
[SourceQuality "1"]
[TimeControl "5400+30"]

1. b3 e5 2. Bb2 Nc6 3. e3 d5 4. Bb5 Bd6 5. f4 f6 (5... exf4 $2 6. Bxg7 (6. Bxc6+ bxc6 7. Bxg7 Qh4+ 8. Kf1 Ba6+ 9. c4 O-O-O $16) 6... Qh4+ 7. Kf1 $18) 6. Nc3 a6 7. Bxc6+ bxc6 8. Qh5+ g6 9. Qh4 h5 (9... Bd7 $11) 10. fxe5 $14 fxe5 11. Qxd8+ Kxd8 12. Nf3 Nh6 13. Na4 Re8 14. c4 {[%emt 0:07:16] aiming for c5.} e4 15. Nd4 Bd7 $1 16. c5 Be7 17. O-O Kc8 18. b4 Nf5 19. Nxf5 Bxf5 20. Bd4 a5 21. a3 Kd7 22. Nc3 Reb8 23. Rab1 axb4 24. axb4 Rb7 25. Rb2 Rab8 26. Rfb1 g5 27. h3 g4 28. Kh2 Bg5 (28... h4 $11 {is more appropriate.}) 29. Ne2 Ke7 (29... gxh3 $14 30. gxh3 Rg8) 30. Ng3 (30. Be5 $16) 30... Bg6 (30... Be6 $14) 31. hxg4 $16 hxg4 32. Ne2 Bh4 33. Be5 Rf8 34. Nd4 Be8 35. b5 {[%emt 0:01:00] White has more active pieces.} Bf6 (35... cxb5 $2 36. c6 (36. Nxb5 Rxb5 37. Rxb5 Bxb5 $11) 36... Rb6 37. Rxb5 Rxc6 38. Nxc6+ Bxc6 39. Rc5 $18) (35... g3+ $142 36. Kh3 (36. Bxg3 Bxg3+ 37. Kxg3 Rg8+ 38. Kf2 cxb5 $11) 36... Bf6 37. Bxf6+ (37. Nxc6+ Bxc6 38. Bxf6+ Rxf6 $11) (37. bxc6 Rh8+ 38. Kg4 Rg8+ 39. Kf4 Rxb2 $11) 37... Rxf6) 36. Bxf6+ ({Stronger than} 36. Nxc6+ Bxc6 37. Bxf6+ Rxf6 $11 (37... Kxf6 38. bxc6 Rxb2 39. Rxb2 $14)) 36... Rxf6 37. b6 Bd7 (37... g3+ $16 38. Kxg3 Rg6+ 39. Kf2 Rf6+ 40. Ke2 Bd7 41. bxc7 Bg4+ 42. Ke1 Rxc7) 38. bxc7 Rxc7 (38... g3+ $16 {was necessary.} 39. Kxg3 Rxc7) 39. Kg3 $18 Ra7 40. Rh1 Ra5 $2 (40... Rf8 41. Rb6 Rc7) 41. Rb7 1-0

[Event "3rd President Cup-A 2024"]
[Site "Tashkent"]
[Date "2024.11.28"]
[Round "8.22"]
[White "Nazari, Arad"]
[Black "Tillyaev, Ulugbek"]
[Result "1/2-1/2"]
[ECO "B03"]
[WhiteElo "2401"]
[BlackElo "2303"]
[Annotator "TA"]
[PlyCount "50"]
[EventDate "2024.11.22"]
[EventType "swiss"]
[EventCountry "UZB"]
[SourceTitle "playchess.com"]
[Source "ChessBase"]
[SourceQuality "1"]
[TimeControl "5400+30"]

1. e4 Nf6 2. e5 Nd5 3. d4 d6 4. c4 Nb6 5. f4 dxe5 6. fxe5 Nc6 7. Be3 Bf5 8. Nc3 e6 9. Nf3 Be7 10. Be2 O-O 11. O-O f6 12. exf6 Bxf6 13. h3 Bg6 14. Qd2 Qe7 15. Rad1 Rad8 16. Qe1 e5 17. d5 Nd4 18. Qf2 {[%emt 0:14:19] [#]} (18. Nxd4 $2 exd4 19. Bxd4 Bxd4+ 20. Kh1 Rxf1+ 21. Qxf1 Rf8 $19) (18. Qd2 $11) 18... Bh4 19. g3 $11 Nxf3+ 20. Bxf3 e4 $1 21. Bc5 Qg5 22. Be3 {[%emt 0:52:53] Chess con chili.} (22. Bxf8 Bxg3 (22... Rxf8 23. Nxe4 Bxe4 24. Qe1 $14) 23. Qg2 (23. Nxe4 $2 Bxf2+ 24. Kxf2 Bxe4 $19) 23... exf3 24. Rxf3 Bh4 $14) (22. Nxe4 $16 Bxe4 23. Bxf8 Rxf8 24. Qe1) 22... Qe5 23. Bd4 Qe7 (23... Qxg3+ 24. Qxg3 Bxg3 25. Nxe4 Bxe4 26. Bxe4 Nxc4 27. Bf5 $17) (23... Qe8 $11 24. Rde1 (24. gxh4 Rxf3 25. Qg2 c5 $15) 24... Rxf3 25. Qxf3 exf3 26. Rxe8+ Rxe8 27. Bxb6 Bf6 (27... Bxg3 28. Rxf3 Re1+ 29. Kg2 $15) 28. Bxc7 Bd4+ 29. Kh2 Rf8) 24. Bc5 $16 Qg5 25. Be3 $2 ({Resist} 25. Bxf8 Rxf8 26. Nxe4 Bxe4) (25. Nxe4 $16 Bxe4 26. Bxf8 Rxf8 27. Qe1) 25... Qe7 (25... Qxg3+ $15 26. Qxg3 Bxg3 27. Nxe4 (27. Bxe4 Nxc4 28. Rxf8+ Rxf8 $17) 27... Nxc4) 1/2-1/2